 Dungeon Sprint DCSS version 0.31.0-32-g396128a36d (webtiles) character file.

Game seed: 199047266784555461

2852 Heoruswealwe the Impaler (level 9, -22/93 HPs)
             Began as a Minotaur Fighter on Mar 30, 2024.
             Was an Initiate of Gozag.
             Annihilated by a death knight
             ... wielding a +3 glaive
              (27 damage)
             ... in the Dungeon (Sprint IX: "|||||||||||||||||||||||||||||").
             The game lasted 00:04:03 (410 turns).

Heoruswealwe the Impaler (Minotaur Fighter)          Turns: 410, Time: 00:04:03

Health: -22/93     AC: 15    Str: 25    XL:     9   Next: 46%
Magic:  8/8        EV:  9    Int:  5    God:    Gozag
Gold:   522        SH:  0    Dex: 10    Spells: 8/8 levels left

rFire   . . .        b - +2 halberd (venom)
rCold   . . .        (shield currently unavailable)
rNeg    . . .        c - +1 chain mail
rPois   .            (helmet restricted)
rElec   .            h - +0 cloak
rCorr   .            (no gloves)
SInv    .            (no boots)
Will    .....        (no amulet) Stlth
                     (no ring)
HPRegen 0.35/turn    (no ring)
MPRegen 0.11/turn

%: no teleportation
@: no status effects
A: horns 2, retaliatory headbutt
a: Renounce Religion, Potion Petition, Call Merchant, Bribe Branch


You were in the Dungeon.
You worshipped Gozag.
Gozag was pleased with you.
You visited 1 branch You collected 522 gold pieces.

Inventory:

Hand Weapons
 a - a +0 trident
 b - a +2 halberd of venom (weapon)
 A - the +8 autumn katana {manifold assault}
   (You found it in the Dungeon)
Armour
 c - a +1 chain mail (worn)
 d - a +0 buckler
 h - a +0 cloak (worn)
Wands
 l - a wand of iceblast (10)
Scrolls
 j - 2 scrolls of blinking
Potions
 e - a potion of curing
 g - a potion of haste
 i - a potion of berserk rage
 k - a potion of might


   Skills:
 + Level 13.6 Fighting
 * Level 18.3 Polearms
 + Level 13.6 Armour
 - Level 3.6 Shields


You had 8 spell levels left.
You didn't know any spells.
Your spell library was empty.

Dungeon Overview and Level Annotations

Branches:
Dungeon (1/1)

Altars:
Cheibriados
Dithmenos
Elyvilon
Fedhas
Gozag
Hepliaklqana
Kikubaaqudgha
Makhleb
Nemelex Xobeh
Okawaru
Qazlal
Ru
Sif Muna
Trog
Uskayaw
Vehumet
Wu Jian
Xom
Yredelemnul
Zin
The Shining One
Jiyva
Lugonu


Innate Abilities, Weirdness & Mutations

You have a pair of horns on your head.
You reflexively headbutt those who attack you in melee.


Message History

The jumping spider is heavily wounded.
The jumping spider misses you. You furiously retaliate!
You headbutt the jumping spider.
The jumping spider bites you but does no damage.
You hit the jumping spider.
The jumping spider looks as sick as possible!
The jumping spider is almost dead.
You kill the jumping spider!
The jumping spider's shape twists and changes as it dies.
Your Polearms skill increases to level 18!
The death knight offers itself to Yredelemnul, and fills with unholy energy.
You slash the troll!
The troll looks as sick as possible!
Your headbutt misses the troll.
The troll is moderately wounded.
The troll closely misses you. You furiously retaliate!
You headbutt the troll. The troll claws you but does no damage.
The troll claws you.
* * * LOW HITPOINT WARNING * * *
You barely miss the troll.
The troll is heavily wounded.
The troll bites you!
* * * LOW HITPOINT WARNING * * *
The troll claws you but does no damage. The troll barely misses you.
You slice the troll!!
You kill the troll!
You feel better.
The death knight hits you from afar with a +3 glaive!
* * * LOW HITPOINT WARNING * * *
The death knight closely misses you. You furiously retaliate!
You headbutt the death knight!
The death knight reflects your damage back at you!
* * * LOW HITPOINT WARNING * * *
You hit the death knight but do no damage.
The death knight is poisoned.
The death knight is lightly wounded.
The death knight completely misses you.
You barely miss the death knight.
The death knight is lightly wounded.
The death knight hits you with a +3 glaive!!
You die...
Your body crumbles into a pile of gold.

▓.▓
▓.▓
▓)▓
▓.▓
▓.▓
▓.▓
▓.▓
▓.▓
▓@▓
▓p▓
▓$▓
▓.▓
▓.▓
▓.▓
▓.▓
▓.▓


You could see a death knight (reflects damage, very poisoned).

Vanquished Creatures
  A centaur warrior (D)
  An arcanist (D)
  A cyclops (D)
  2 trolls (D)
  A jumping spider (shapeshifter) (D)
  A wraith (D)
  A yak (D)
  2 wyverns (D)
  An orc warrior (D)
  An ogre (D)
  A jelly (D)
  An iguana (D)
  An adder (D)
  An orc (D)
  2 hobgoblins (D)
  A kobold (D)
  A frilled lizard (D)
  A rat (D)
21 creatures vanquished.

Notes
Turn   | Place    | Note
-------+----------+-------------------------------------------
     0 | D        | Heoruswealwe the Minotaur Fighter began the quest for the
                  | Orb.
     0 | D        | Reached XP level 1. HP: 19/19 MP: 0/0
     9 | D        | Reached skill level 3 in Polearms
    20 | D        | Noticed a jelly
    20 | D        | Noticed an iguana
    20 | D        | Noticed an ogre
    25 | D        | Killed a jelly
    26 | D        | Reached skill level 5 in Fighting
    26 | D        | Reached skill level 5 in Polearms
    26 | D        | Reached skill level 5 in Armour
    26 | D        | Reached XP level 2. HP: 9/29 MP: 1/1
    26 | D        | Reached XP level 3. HP: 11/36 MP: 2/2
    29 | D        | Reached skill level 6 in Polearms
    32 | D        | Killed an ogre
    33 | D        | Reached skill level 8 in Polearms
    33 | D        | Reached XP level 4. HP: 44/47 MP: 3/3
    33 | D        | Reached XP level 5. HP: 48/52 MP: 4/4
    34 | D        | Reached skill level 9 in Polearms
    44 | D        | Found a snail-covered altar of Cheibriados.
    44 | D        | Found a shadowy altar of Dithmenos.
    44 | D        | Found a white marble altar of Elyvilon.
    44 | D        | Found a blossoming altar of Fedhas.
    44 | D        | Found an opulent altar of Gozag.
    45 | D        | Found a hazy altar of Hepliaklqana.
    46 | D        | Found a viscous altar of Jiyva.
    47 | D        | Found an ancient bone altar of Kikubaaqudgha.
    48 | D        | Found a corrupted altar of Lugonu.
    49 | D        | Found a burning altar of Makhleb.
    50 | D        | Found a sparkling altar of Nemelex Xobeh.
    51 | D        | Found an iron altar of Okawaru.
    52 | D        | Became a worshipper of Gozag Ym Sagoz the Greedy
    53 | D        | Found a stormy altar of Qazlal.
    54 | D        | Found a sacrificial altar of Ru.
    55 | D        | Found a shimmering blue altar of Sif Muna.
    56 | D        | Found a bloodstained altar of Trog.
    57 | D        | Found a hide-covered altar of Uskayaw.
    58 | D        | Found a radiant altar of Vehumet.
    59 | D        | Found an ornate altar of the Wu Jian Council.
    60 | D        | Found a shimmering altar of Xom.
    61 | D        | Found a basalt altar of Yredelemnul.
    62 | D        | Found a glowing silver altar of Zin.
    63 | D        | Found a glowing golden altar of the Shining One.
    71 | D        | Found the +8 autumn katana {manifold assault}
   149 | D        | Noticed an orc warrior
   149 | D        | Noticed a troll
   149 | D        | Noticed a wyvern
   149 | D        | Noticed a wyvern
   149 | D        | Noticed a wraith
   149 | D        | Noticed a yak
   152 | D        | Killed an orc warrior
   153 | D        | Reached skill level 10 in Polearms
   155 | D        | Killed a troll
   156 | D        | Reached skill level 12 in Polearms
   156 | D        | Reached XP level 6. HP: 26/64 MP: 5/5
   161 | D        | Killed a wyvern
   162 | D        | Reached skill level 10 in Fighting
   162 | D        | Reached skill level 13 in Polearms
   162 | D        | Reached skill level 10 in Armour
   162 | D        | Reached XP level 7. HP: 29/72 MP: 6/6
   162 | D        | HP: 3/72 [wyvern (14)]
   168 | D        | Killed a wyvern
   169 | D        | Reached skill level 14 in Polearms
   175 | D        | Killed a wraith
   180 | D        | Killed a yak
   181 | D        | Reached XP level 8. HP: 17/82 MP: 7/7
   377 | D        | Noticed an arcanist
   377 | D        | Noticed a centaur warrior
   377 | D        | Noticed a cyclops
   377 | D        | Noticed a troll
   377 | D        | Noticed a death knight
   383 | D        | Killed an arcanist
   384 | D        | Reached skill level 16 in Polearms
   391 | D        | Killed a centaur warrior
   392 | D        | Reached skill level 17 in Polearms
   392 | D        | Reached XP level 9. HP: 21/92 MP: 8/8
   396 | D        | Killed a cyclops
   402 | D        | Reached skill level 18 in Polearms
   405 | D        | Killed a troll
   410 | D        | Annihilated by a death knight

Illustrated notes

Levels and vault maps discovered:
D:        linesprint [early_d, line_temple, items_1, d_10, items_2, lair_1,
          lair_end, items_3, orc_1, orc_end, items_4, d_15, swamp_1, shoals_1,
          snake_1, spider_1, d_20, vaults_1, items_5, swamp_end, shoals_end,
          snake_end, spider_end, vaults_end, d_27, items_6, zot_1, zot_end,
          crypt_end, forest_end, elf_end, slime_end, tomb_end, abyss_end,
          pan_hell_end]

Skill      XL: |  1  2  3  4  5  6  7  8  9 |
---------------+----------------------------+-----
Polearms       | 5 8 12 13 14 17 18 | 18.3
Fighting       | 5 7 9 10 11 12 13 | 13.6
Armour         | 5 7 9 10 11 12 13 | 13.6
Shields        | |  3.6

Action                     |  1- 3 |  4- 6 |  7- 9 || total
---------------------------+-------+-------+-------++-------
  Melee: Trident           |    21 |     5 |       ||    26
         Headbutt          |     1 |     2 |     3 ||     6
         Halberd           |       |    11 |    41 ||    52
    Use: Potion            |     1 |     1 |     5 ||     7
   Stab: Distracted        |       |       |     1 ||     1
 Armour: Scale mail        |     6 |     1 |       ||     7
         Chain mail        |       |    11 |    30 ||    41
  Dodge: Dodged            |     3 |     6 |    13 ||    22
  Block: Buckler           |     7 |     1 |       ||     8
